 Dungeon Crawl Stone Soup version 0.22-a0-525-gf69a080 (webtiles) character file.

27 kae the Insei (level 2, -2/21 HPs)
             Began as a Demonspawn Transmuter on June 20, 2018.
             Slain by Jessica
             ... wielding a +0 dagger
              (3 damage)
             ... on level 2 of the Dungeon.
             The game lasted 00:00:44 (1030 turns).

kae the Insei (Demonspawn Transmuter)               Turns: 1030, Time: 00:00:45

Health: -2/21      AC:  2    Str: 10    XL:     2   Next: 93%
Magic:  1/5        EV: 12    Int: 14    God:
Gold:   17         SH:  0    Dex: 13    Spells: 2/5 levels left

rFire    . . .     SeeInvis .     - Unarmed
rCold    + . .     Gourm    .   (no shield)
rNeg     . . .     Faith    .   b - +0 robe
rPois    .         Spirit   .   (no helmet)
rElec    .         Reflect  .   (no cloak)
rCorr    .         Harm     .   (no gloves)
MR       .....                  (boots currently unavailable)
Stlth    +.........             (no amulet)
HPRegen  0.07/turn              (no ring)
MPRegen  0.09/turn              (no ring)

@: appendage
A: talons 3, cold resistance 1
a: End Transformation


You were on level 2 of the Dungeon.
You were hungry.
You had grown temporary talons.
You visited 1 branch of the dungeon, and saw 2 of its levels.

You collected 17 gold pieces.

Inventory:

Missiles
 a - 33 arrows
Armour
 b - a +0 robe (worn)
Potions
 e - 2 potions of curing
Comestibles
 d - 5 rations


   Skills:
 + Level 1.4 Fighting
 - Level 1.7 Dodging
 * Level 3.2 Unarmed Combat
 + Level 2.2 Spellcasting
 + Level 2.1 Transmutations


You had 2 spell levels left.
You knew the following spells:

 Your Spells              Type           Power        Failure   Level  Hunger
a - Beastly Appendage     Tmut           #.....       10%         1    #......
b - Sticks to Snakes      Tmut           #.......     14%         2    ###....

Your spell library contained the following spells:

 Spells                   Type           Power        Failure   Level  Hunger
 Spider Form              Tmut/Pois      #.........   41%         3    ###....
 Blade Hands              Tmut           #.........   95%         5    ######.
 Ice Form                 Ice/Tmut       #.......     83%         4    #####..


Dungeon Overview and Level Annotations

Branches:
Dungeon (2/15)

Altars:

Annotations:
D:2 Jessica


Innate Abilities, Weirdness & Mutations

Your flesh is cold resistant. (rC+)
You have claws for feet.


Message History

You are too injured to fight recklessly!
You are too injured to fight recklessly!
Casting: Sticks to Snakes (safe; 14% risk of failure)
Confirm with . or Enter, or press ? or * to list all spells.
Your feet morph into talons.
Jessica barely misses you.
Jessica mumbles some strange words.
Jessica blinks!
Casting: Beastly Appendage (safe; 10% risk of failure)
Confirm with . or Enter, or press ? or * to list all spells.
You create a snake!
You now have 33 arrows.
Jessica gestures at you while chanting. Pain shoots through your body!
* * * LOW HITPOINT WARNING * * *
Your ball python bites Jessica but does no damage.
Your ball python grabs Jessica.
Your ball python constricts Jessica.
You hit Jessica but do no damage.
Jessica is almost dead.
Jessica very coldly says, "I hate your company."
Jessica hits you with a dagger.
You die...

.# #.#
......
#.##.#
#.##.#
#.##.#
###
#.##.#
#<#
#@##.#
#.#
#S@..#
#.#
#.####
#.#
####.#
.$#
#....#
####
#.##.#
#.##.#
#.##.#
#.##.#
#.#...


You could see Jessica and a friendly ball python.

Vanquished Creatures
  An ooze (D:1)
  A dart slug (D:1)
  A giant cockroach (D:1)
  2 goblins (D:1)
  2 hobgoblins (D:1)
  3 jackals (D:1)
  2 bats (D:1)
  2 frilled lizards (D:1)
  2 kobolds (D:1)
  5 rats (D:1)
21 creatures vanquished.

Notes
Turn   | Place    | Note
-------+----------+-------------------------------------------
     0 | D:1      | kae the Demonspawn Transmuter began the quest for the Orb.
     0 | D:1      | Reached XP level 1. HP: 15/15 MP: 3/3
   439 | D:1      | Gained mutation: Your flesh is cold resistant. (rC+) [demonic ancestry]
   439 | D:1      | Reached XP level 2. HP: 15/21 MP: 5/5
   525 | D:1      | Learned a level 2 spell: Sticks to Snakes
   554 | D:1      | Reached skill level 3 in Unarmed Combat
  1013 | D:2      | Noticed Jessica
  1029 | D:2      | HP: 1/21 [Jessica/nerve-wracking pain (7)]
  1030 | D:2      | Slain by Jessica

Vault maps used:
D:1:      roderic_dead_forest
D:2:      led_sif_pool, uniq_crazy_yiuf_cottage, uniq_jessica

Skill      XL: |  1  2 |
---------------+-------+-----
Unarmed Combat | 3 |  3.2
Transmutations | 2 |  2.1
Fighting       | |  1.4
Dodging        | |  1.7
Spellcasting   | |  2.2

Action                   || total
-------------------------++-------
Melee: Unarmed           ||    83
       Kick              ||     5
       Punch             ||     1
 Cast: Beastly Appendage ||     7
       Sticks to Snakes  ||     2
  Use: Scroll            ||     3
Armor: Robe              ||    14
Dodge: Dodged            ||    55

Table legend:
 A = Spawn XP
 B = Non-spawn XP
 C = Spawn XP percentage of total XP
 D = Spawn monster count
 E = Non-spawn monster count
 F = Spawn count percentage of total count
 G = Total turns spent on level
                    A         B        C        D         E        F      G
               +---------+---------+-------+---------+---------+-------+---------
         Total |       0 |      39 |   0.0 |       0 |      21 |   0.0 |  1030
               +---------+---------+-------+---------+---------+-------+---------
           D:1 |       0 |      39 |   0.0 |       0 |      21 |   0.0 |   991
               +---------+---------+-------+---------+---------+-------+---------
